 Dungeon Crawl Stone Soup version 0.23.2-40-g277498a (webtiles) character file.

Game seed: 2603062387606926589

25 Damus57 the Digger (level 2, -1/20 HPs)
             Began as a Minotaur Earth Elementalist on Oct 9, 2019.
             Slain by a worker ant (4 damage)
             ... on level 2 of the Dungeon on Oct 10, 2019.
             The game lasted 00:16:11 (1311 turns).

Damus57 the Digger (Minotaur Earth Elementalist)    Turns: 1311, Time: 00:16:11

Health: -1/20      AC:  3    Str: 12    XL:     2   Next: 82%
Magic:  2/3        EV: 12    Int: 12    God:
Gold:   97         SH:  0    Dex: 10    Spells: 1/4 levels left

rFire    . . .     SeeInvis .   i - +0 spear
rCold    . . .     Gourm    .   (no shield)
rNeg     . . .     Faith    +   n - +0 leather armour
rPois    .         Spirit   .   (helmet restricted)
rElec    .         Reflect  .   (no cloak)
rCorr    .         Harm     .   (no gloves)
MR       .....                  (no boots)
Stlth    +.........             k - amulet of faith
HPRegen  0.06/turn              (no ring)
MPRegen  0.08/turn              (no ring)

@: lethally poisoned (-1 -> -4)
A: retaliatory headbutt, horns 2
a: no special abilities


You were on level 2 of the Dungeon.
You were hungry.

You visited 1 branch of the dungeon, and saw 2 of its levels.

You collected 97 gold pieces.

Inventory:

Hand Weapons
 e - a +0 hand axe
 f - a +0 dagger
 i - a +0 spear (weapon)
Missiles
 a - 9 poisoned needles
 b - 17 stones (quivered)
Armour
 c - a +0 robe
 n - a +0 leather armour (worn)
Jewellery
 k - an amulet of faith (around neck)
Scrolls
 g - a scroll of amnesia {unknown}
 h - a scroll of teleportation {unknown}
 j - 3 scrolls of identify {unknown}
 l - a scroll of immolation {unknown}
 m - a scroll of remove curse {unknown}
Comestibles
 d - 4 rations


   Skills:
 + Level 1.1(1.2) Axes
 + Level 0.2(0.8) Polearms
 + Level 2.4 Dodging
 + Level 1.6 Stealth
 + Level 1.6 Spellcasting
 + Level 0.7 Transmutations
 + Level 2.8 Earth Magic


You had one spell level left.
You knew the following spells:

 Your Spells              Type           Power        Failure   Level  Hunger
a - Sandblast             Erth           #.....       11%         1    ##.....
b - Passwall              Tmut/Erth      #.......     26%         2    ###....

Your spell library contained the following spells:

 Spells                   Type           Power        Failure   Level  Hunger
 Stone Arrow              Conj/Erth      #.....       52%         3    ####...
 Petrify                  Tmut/Erth      #.......     86%         4    #####..
 Lee's Rapid Deconstruct  Erth           #.........   97%         5    ######.


Dungeon Overview and Level Annotations

Branches:
Dungeon (2/15)

Altars:


Innate Abilities, Weirdness & Mutations

You reflexively headbutt those who attack you in melee.
You have a pair of horns on your head.


Message History

You barely miss the worker ant.
The worker ant is lightly wounded.
You feel sick. The worker ant closely misses you.
You barely miss the worker ant.
The worker ant is lightly wounded.
The worker ant bites you but does no damage.
You hit the worker ant but do no damage.
The worker ant is lightly wounded.
You feel sick.
The worker ant bites you but does no damage.
You barely miss the worker ant.
The worker ant is lightly wounded.
The worker ant barely misses you. You furiously retaliate!
You headbutt the worker ant. The worker ant bites you!
* * * LOW HITPOINT WARNING * * *
You hit the worker ant.
The worker ant is heavily wounded.
* * * LOW HITPOINT WARNING * * *
You feel sick. The worker ant bites you.
You die...

# # .##.# ##########
########..... #........#
#............ #........#
#........##.. #........#
#..a@?.......
#........########.###.###
#.............###..##.#
#..>.....####.........#
#####........####.....#
#........######......
#............. .#..##
#........#### ##..# #
#........# ###...### .


You could see a worker ant.

Vanquished Creatures
  An ooze (D:1)
  2 leopard geckos
  3 giant cockroaches (D:1)
  A goblin (D:1)
  A hobgoblin (D:1)
  A kobold (D:1)
  A quokka (D:2)
  4 bats
  3 frilled lizards
  2 rats (D:1)
19 creatures vanquished.

Notes
Turn   | Place    | Note
-------+----------+-------------------------------------------
     0 | D:1      | Damus57 the Minotaur Earth Elementalist began the quest for
                  | the Orb.
     0 | D:1      | Reached XP level 1. HP: 14/14 MP: 1/1
   247 | D:1      | Reached XP level 2. HP: 15/20 MP: 1/3
   273 | D:1      | Learned a level 2 spell: Passwall
   535 | D:1      | Reached skill level 1 in Axes
  1311 | D:2      | Slain by a worker ant

Skill      XL: |  1  2 |
---------------+-------+-----
Axes           | 1 |  1.1
Polearms       | |  0.2
Dodging        | |  2.4
Stealth        | |  1.6
Spellcasting   | |  1.6
Transmutations | |  0.7
Earth Magic    | |  2.8

Action                   || total
-------------------------++-------
Melee: Hand axe          ||    13
       Unarmed           ||     7
       Headbutt          ||     7
       Spear             ||    28
 Cast: Sandblast         ||    13
       Passwall          ||     2
  Eat: Chunk             ||     1
Armor: Robe              ||     8
       Leather armour    ||     4
Dodge: Dodged            ||    39
